 Dungeon Crawl Stone Soup version 0.23.2-1-ga50397a (webtiles) character file.

Game seed: 122082510058302398

14067 Fortress the Cleaver (level 11, -1/104 HPs)
             Began as a Deep Dwarf Berserker on May 30, 2019.
             Was an Elder of Trog.
             Slain by an eight-headed hydra (12 damage)
             ... on level 3 of the Lair of Beasts.
             The game lasted 01:25:58 (10417 turns).

Fortress the Cleaver (Deep Dwarf Berserker)        Turns: 10417, Time: 01:26:00

Health: -1/104     AC:  9    Str: 22    XL:     11   Next: 83%
Magic:  0/0        EV: 17    Int:  7    God:    Trog [****..]
Gold:   835        SH:  0    Dex: 18    Spells: 10/10 levels left

rFire    . . .     SeeInvis .   E - +5 flail
rCold    . . .     Gourm    .   (no shield)
rNeg     . . .     Faith    .   K - +1 acid dragon scales
rPois    .         Spirit   .   (no helmet)
rElec    .         Reflect  .   (no cloak)
rCorr    +         Harm     .   (no gloves)
MR       +++..                  (no boots)
Stlth    +.........             (no amulet)
HPRegen  1.00/turn              D - +3 ring of dexterity
MPRegen  0.07/turn              (no ring)

@: marked, non-regenerating
A: damage resistance, heal wounds, sense surroundings 2, no regeneration
a: Heal Wounds, Berserk, Trog's Hand, Brothers in Arms, Renounce Religion


You were on level 3 of the Lair of Beasts.
You worshipped Trog.
Trog was greatly pleased with you.
You were hungry.

You visited 3 branches of the dungeon, and saw 14 of its levels.

You collected 835 gold pieces.

Inventory:

Hand Weapons
 a - a +0 battleaxe of chopping
 h - a +1 hunting sling
 l - a +1 halberd
 E - a +5 flail (weapon)
 H - a +2 long sword of holy wrath
Missiles
 d - 404 stones (quivered)
 r - 52 sling bullets
Armour
 k - a +1 leather armour of poison resistance
 C - a +2 robe of fire resistance
 F - a +0 plate armour
 K - +1 acid dragon scales (worn)
Jewellery
 x - a +6 ring of dexterity
 D - a +3 ring of dexterity (left hand)
Wands
 v - a wand of paralysis (28)
 y - a wand of enslavement (4)
 G - a wand of disintegration (26)
 L - a wand of acid (9)
Scrolls
 f - a scroll of identify
 g - 3 scrolls of immolation
 i - a scroll of magic mapping
 m - 6 scrolls of teleportation
 p - 5 scrolls of remove curse
 u - a scroll of enchant weapon
 w - 2 scrolls of enchant armour
 B - a scroll of fear {unknown}
Potions
 e - a potion of curing
 j - a potion of resistance {unknown}
 n - 2 potions of mutation
 o - 3 potions of lignification
 q - 2 potions of ambrosia
 s - 2 potions of might
 t - a potion of haste
 z - 5 potions of heal wounds
 A - a potion of cancellation
 I - a potion of flight {unknown}
 J - a potion of brilliance {unknown}
Miscellaneous
 b - a box of beasts
Comestibles
 c - 23 rations


   Skills:
 + Level 8.5 Fighting
 + Level 12.2(12.5) Axes
 - Level 4.3(8.5) Maces & Flails
 + Level 8.5 Armour
 + Level 7.4 Dodging
 * Level 10.0 Evocations


You had 10 spell levels left.
You didn't know any spells.
Your spell library was empty.

Dungeon Overview and Level Annotations

Branches:
Dungeon (10/15)            Temple (1/1) D:5            Lair (3/6) D:9
  Snake (0/4) Lair:3
  Swamp: Lair:2-4    Shoals: Lair:2-4       Orc: D:9-12

Altars:
Ashenzari
Cheibriados
Dithmenos
Elyvilon
Fedhas
Gozag
Hepliaklqana
Kikubaaqudgha
Makhleb
Nemelex Xobeh
Okawaru
Qazlal
Ru
Sif Muna
Trog
Uskayaw
Vehumet
Wu Jian
Xom
Yredelemnul
Zin
The Shining One

Shops:
D:8 :

Annotations:
D:7 exclusion: ice statue
D:8 3 runed translucent doors, Luckymoose21's ghost, novice HOFi; grumblor's ghost, novice SpEn
D:9 2 runed translucent doors


Innate Abilities, Weirdness & Mutations

You are resistant to damage.
You can heal yourself by infusing magical energy.
You passively map the area around you.
You do not regenerate.


Message History

Your ogre hits the eight-headed hydra with a +0 giant club!
The eight-headed hydra bites your ogre!
Your ogre dies!
Your ogre's corpse disappears in a puff of smoke!
The eight-headed hydra closely misses you.
The eight-headed hydra bites you!
* * * LOW HITPOINT WARNING * * *
The eight-headed hydra barely misses you.
The eight-headed hydra closely misses you. x2
The eight-headed hydra bites you but does no damage.
The eight-headed hydra bites you.
The blink frog blinks! x3
The porcupine barely misses you.
You barely miss the eight-headed hydra.
The eight-headed hydra is almost dead.
The eight-headed hydra bites you!
* * * LOW HITPOINT WARNING * * *
The eight-headed hydra bites you!
* * * LOW HITPOINT WARNING * * *
The eight-headed hydra bites you!
You die...

#......<^..................#
##....######.........[§...##
#..# * #.#.##...........##
#.. ,* .....##.#P........# .
,* ,.#.S..#..........## ,
.....†+†.......P.# , ⌠, .+
..⌠......§.......# .#
......†F.......#..# , ,,#.
...#(.§@§..#.##..## * .#
.....##Dr........# *##+#.#
###. ..§..........# .#....#
# ...%...F......# #.....#
*#....###.##...# .⌠.<.⌠#
#..... ......# #.....#
#....# ,...#.. #(.⌠..# ,
,...F.. , .. ..####.#* , ,,,
,


You could see an eight-headed hydra, a black mamba, 3 blink frogs and a
porcupine.

Vanquished Creatures
  2 unseen horrors (D:9)
  An oklob plant (Lair:2)
  A spiny frog (Lair:1)
  3 komodo dragons
  Grinder (D:6)
  A blink frog (Lair:3)
  2 hippogriffs (Lair:3)
  A vampire (D:9)
  8 yaks
  A wyvern (Lair:2)
  4 basilisks
  Grum (D:8)
  A hungry ghost (D:8)
  A vampire mosquito (D:9)
  4 porcupines
  11 water moccasins
  A sky beast (D:7)
  Purgy (D:3)
  2 black bears
  2 orc warriors
  2 ogres
  2 phantoms
  10 wolves
  2 centaurs
  3 crocodiles
  3 big kobolds
  10 bullfrogs
  A wyvern zombie (D:8)
  3 scorpions
  11 killer bees
  5 wights (D:6)
  2 centaur zombies
  5 crimson imps
  2 bullfrog zombies
  3 jellies
  A bullfrog skeleton (D:8)
  A centaur skeleton (D:9)
  An orc priest (D:6)
  7 hounds
  7 orc wizards
  Jessica (D:3)
  Terence (D:3)
  3 iguanas
  4 worker ants
  A killer bee zombie (D:8)
  A worker ant zombie (D:9)
  7 adders
  4 shadow imps
  An ooze (D:3)
  2 adder skeletons
  3 worms
  A dart slug (D:3)
  10 leopard geckos
  23 orcs
  7 giant cockroaches
  9 goblins
  3 hobgoblins
  6 jackals
  19 kobolds
  3 quokkas
  A ball python (D:3)
  7 bats
  5 frilled lizards
  A leopard gecko skeleton (D:7)
  2 leopard gecko zombies (D:5)
  2 quokka zombies
  6 rats
  A bush (Lair:1)
  A fungus (Lair:2)
  5 plants
270 creatures vanquished.

Vanquished Creatures (collateral kills)
  A wizard (D:9)
  A manticore (D:9)
  2 cyclopes (D:9)
  A blink frog (Lair:3)
  A hippogriff (Lair:3)
  An acid dragon (D:9)
  2 porcupines
  A soldier ant (D:9)
  A water moccasin (Lair:3)
  An orc warrior (D:9)
  2 ice beasts (D:9)
  4 wolves
  A centaur (D:9)
  A big kobold (D:9)
  A bullfrog (Lair:3)
  A killer bee (D:9)
  2 howler monkeys (D:9)
  A crimson imp (D:9)
  A jelly (D:9)
  A gnoll shaman (D:9)
  A hound (D:9)
  An iguana (D:9)
  An orc wizard (D:9)
  A worker ant (D:9)
  5 gnolls (D:9)
  2 orcs (D:9)
  A quokka (D:9)
  A plant (Lair:1)
40 creatures vanquished.

Vanquished Creatures (others)
  A fungus (Lair:3)
  3 plants (D:9)
  3 withered plants (D:8)
7 creatures vanquished.

Grand Total: 317 creatures vanquished

Notes
Turn   | Place    | Note
-------+----------+-------------------------------------------
     0 | D:1      | Fortress the Deep Dwarf Berserker began the quest for the
                  | Orb.
     0 | D:1      | Reached XP level 1. HP: 20/20 MP: 1/1
   101 | D:1      | Reached XP level 2. HP: 27/27 MP: 1/1
   422 | D:1      | Reached ** piety under Trog
   516 | D:1      | Reached XP level 3. HP: 27/34 MP: 2/2
   518 | D:1      | Reached skill level 4 in Axes
   935 | D:2      | Reached XP level 4. HP: 23/42 MP: 3/3
  1290 | D:3      | Noticed Terence
  1309 | D:3      | Killed Terence
  1326 | D:3      | Found a shadowy altar of Dithmenos.
  1434 | D:3      | Noticed Jessica
  1442 | D:3      | Killed Jessica
  1452 | D:3      | Reached XP level 5. HP: 43/49 MP: 4/4
  1463 | D:3      | Reached *** piety under Trog
  1481 | D:3      | Reached skill level 5 in Axes
  1507 | D:3      | Noticed Purgy
  1519 | D:3      | Killed Purgy
  1539 | D:3      | Reached XP level 6. HP: 33/57 MP: 5/5
  1930 | D:3      | You fall through a shaft for 3 floors!
  1990 | D:5      | Entered Level 5 of the Dungeon
  2049 | D:5      | Reached skill level 6 in Axes
  2721 | D:4      | Found a glowing silver altar of Zin.
  3283 | D:5      | Reached XP level 7. HP: 63/64 MP: 5/5
  3404 | D:5      | Found a staircase to the Ecumenical Temple.
  3659 | D:5      | Found a blossoming altar of Fedhas.
  3712 | D:5      | Reached skill level 7 in Axes
  4006 | Temple   | Entered the Ecumenical Temple
  4298 | D:6      | Noticed Grinder
  4310 | D:6      | Paralysed by Grinder for 6 turns
  4326 | D:6      | Killed Grinder
  4326 | D:6      | Reached skill level 5 in Fighting
  4326 | D:6      | Reached XP level 8. HP: 32/74 MP: 6/6
  4449 | D:6      | Reached skill level 8 in Axes
  4456 | D:6      | Reached skill level 5 in Armour
  4460 | D:6      | Found a hazy altar of Hepliaklqana.
  4487 | D:6      | Reached **** piety under Trog
  5132 | D:7      | Found a white marble altar of Elyvilon.
  5164 | D:7      | Reached skill level 5 in Dodging
  5164 | D:7      | Reached skill level 1 in Evocations
  5202 | D:7      | Found a shattered altar of Ashenzari.
  5307 | D:7      | Reached skill level 1 in Maces & Flails
  5320 | D:7      | Found a sparkling altar of Nemelex Xobeh.
  5490 | D:7      | Found a basalt altar of Yredelemnul.
  5590 | D:7      | Gained mutation: You passively map the area around you.
                  | [Deep Dwarf growth]
  5590 | D:7      | Reached XP level 9. HP: 38/81 MP: 7/7
  5652 | D:7      | Noticed an ice statue
  6472 | D:8      | Found a snail-covered altar of Cheibriados.
  6555 | D:8      | Found a bloodstained altar of Trog.
  6555 | D:8      | Found an ornate altar of the Wu Jian Council.
  6737 | D:8      | Noticed Grum
  6770 | D:8      | Reached skill level 5 in Evocations
  6782 | D:8      | Killed Grum
  6877 | D:8      | Found a runed translucent gate.
  6877 | D:8      | Found a runed translucent gate.
  6877 | D:8      | Found a runed translucent gate.
  6879 | D:8      | Noticed grumblor's ghost (novice SpEn)
  6879 | D:8      | Noticed Luckymoose21's ghost (novice HOFi)
  7148 | D:8      | Found Maweh's Book Shoppe.
  7696 | D:10     | Entered Level 10 of the Dungeon
  7727 | D:9      | Reached XP level 10. HP: 71/92 MP: 7/7
  7902 | D:9      | Reached ***** piety under Trog
  7908 | D:9      | Reached skill level 9 in Axes
  8146 | D:9      | Found a staircase to the Lair.
  8313 | D:9      | Noticed a wizard
  8314 | D:9      | Noticed a cyclops
  8319 | D:9      | Noticed a cyclops
  8319 | D:9      | Noticed a manticore
  8319 | D:9      | Killed a cyclops
  8323 | D:9      | Killed a wizard
  8332 | D:9      | Killed a manticore
  8341 | D:9      | Killed a cyclops
  8363 | D:9      | Found a runed translucent door.
  8368 | D:9      | Found a runed translucent door.
  8368 | D:9      | Found a runed translucent door.
  8382 | D:9      | Killed an unseen horror
  8382 | D:9      | Reached skill level 10 in Axes
  8419 | D:9      | Killed an unseen horror
  8681 | Lair:1   | Entered Level 1 of the Lair of Beasts
  8699 | Lair:1   | Reached XP level 11. HP: 75/100 MP: 5/5
  9112 | Lair:1   | Reached skill level 11 in Axes
  9655 | Lair:2   | Found a blossoming altar of Fedhas.
  9655 | Lair:2   | Noticed an oklob plant
  9705 | Lair:2   | HP: 3/103 [yak (15)]
 10287 | Lair:2   | Killed an oklob plant
 10327 | Lair:3   | Reached skill level 12 in Axes
 10328 | Lair:3   | Found a staircase to the Snake Pit.
 10408 | Lair:3   | Noticed an eight-headed hydra
 10412 | Lair:3   | Reached skill level 10 in Evocations
 10417 | Lair:3   | Slain by an eight-headed hydra

Skill      XL: |  1  2  3  4  5  6  7  8  9 10 11 |
---------------+----------------------------------+-----
Fighting       | 3 4 5 6 7 8 |  8.5
Axes           | 4 5 6 7 8 10 12 | 12.2
Dodging        | 3 4 5 6 7 |  7.4
Armour         | 3 4 6 8 |  8.5
Evocations     | 2 5 8 10 | 10.0
Maces & Flails | 1 4 |  4.3

Action                   |  1- 3 |  4- 6 |  7- 9 | 10-12 || total
-------------------------+-------+-------+-------+-------++-------
Melee: Hand axe          |   141 |   185 |   484 |       ||   810
       Flail             |       |       |   170 |     5 ||   175
       Battleaxe         |       |       |       |   264 ||   264
       Long sword        |       |       |       |    47 ||    47
Invok: Berserk           |     1 |       |     2 |     2 ||     5
       Trog's Hand       |       |     1 |     5 |     4 ||    10
       Brothers in Arms  |       |       |     1 |     7 ||     8
 Abil: Heal Wounds       |     3 |     6 |    30 |    35 ||    74
Evoke: Wand              |       |       |       |     3 ||     3
  Use: Scroll            |     2 |     9 |     2 |     8 ||    21
       Potion            |       |       |     1 |     1 ||     2
 Stab: Sleeping          |     1 |       |       |       ||     1
       Paralysed         |       |       |       |     2 ||     2
  Eat: Chunk             |     1 |     5 |     7 |     8 ||    21
       Ration            |       |     1 |     4 |     2 ||     7
Armor: Animal skin       |    16 |       |       |       ||    16
       Leather armour    |    24 |    39 |     9 |    60 ||   132
       Ring mail         |       |     3 |    77 |       ||    80
       Plate armour      |       |       |   184 |       ||   184
       Acid dragon scale |       |       |       |    14 ||    14
Dodge: Dodged            |   108 |   142 |   381 |   309 ||   940
       Rpst.: Long sword |       |       |       |     8 ||     8
